 Dungeon Crawl Stone Soup version 0.23.2-1-ga50397a (webtiles) character file.

Game seed: 5574003386737167582

5043 IBeShadow the Magician (level 10, -5/118 HPs)
             Began as a Gnoll Skald on May 28, 2019.
             Was a Believer of Cheibriados.
             Killed by divine providence
             ... invoked by an orc priest
              (16 damage)
             ... on level 9 of the Dungeon.
             The game lasted 00:18:51 (11950 turns).

IBeShadow the Magician (Gnoll Skald)               Turns: 11950, Time: 00:18:52

Health: -5/118     AC: 25    Str: 22    XL:     10   Next: 55%
Magic:  21/21      EV:  2    Int: 21    God:    Cheibriados [**....]
Gold:   541        SH:  0    Dex: 22    Spells: 15/23 levels left

rFire    + . .     SeeInvis .   a - +0 trident
rCold    . . .     Gourm    .   (no shield)
rNeg     + + +     Faith    .   (armour currently unavailable)
rPois    +         Spirit   .   (helmet currently unavailable)
rElec    .         Reflect  .   (cloak currently unavailable)
rCorr    +         Harm     .   (gloves currently unavailable)
MR       .....     NoTele   +   (boots currently unavailable)
Stlth    +++.......             (no amulet)
HPRegen  0.29/turn              v - ring of protection from fire
MPRegen  0.17/turn              G - ring of resist corrosion

@: lethally poisoned (-5 -> -5), tree-form (expiring), very slow
A: distributed training, strong nose
a: Bend Time, Renounce Religion


You were on level 9 of the Dungeon.
You worshipped Cheibriados.
Cheibriados was pleased with you.
You were not hungry.
You were a tree.
You visited 2 branches of the dungeon, and saw 10 of its levels.
You also visited: Ossuary.

You collected 541 gold pieces.

Inventory:

Hand Weapons
 a - a +0 trident (weapon)
 J - a +0 hunting sling
Missiles
 K - 22 sling bullets
Armour
 e - a +0 pair of gloves (melded)
 f - a +0 plate armour (melded)
 i - a +0 ring mail
 s - a scarf of spirit shield (melded)
 y - a +2 helmet (melded)
Jewellery
 v - a ring of protection from fire (left branch)
 w - an uncursed ring of stealth
 G - a ring of resist corrosion (right branch)
 H - the amulet of the Four Winds {rN+ MR+++ Clar}
   (You found it on level 8 of the Dungeon)

   [amulet of nothing]

   It protects you from negative energy.
   It affects your resistance to hostile enchantments.
   It protects you against confusion.
Wands
 B - a wand of flame (4)
 C - a wand of disintegration (44)
Scrolls
 b - a scroll of fear {unknown}
 g - 2 scrolls of fog {unknown}
 h - 7 scrolls of remove curse
 k - 5 scrolls of identify
 n - a scroll of enchant armour {unknown}
 o - 7 scrolls of teleportation
 q - 2 scrolls of silence {unknown}
 r - a scroll of brand weapon {unknown}
 t - 2 scrolls of enchant weapon {unknown}
 x - 2 scrolls of immolation {unknown}
 z - a scroll of random uselessness {unknown}
 A - a scroll of magic mapping {unknown}
 D - a scroll of noise {unknown}
 E - a scroll of summoning {unknown}
Potions
 c - 3 potions of lignification
 j - a potion of curing
 l - a potion of magic
 m - a potion of heal wounds
 p - a potion of might
 u - a potion of brilliance {unknown}
 F - 2 potions of cancellation {unknown}
Comestibles
 d - 11 rations
 I - 2 chunks of flesh


   Skills:
 + Level 7.1 Fighting
 + Level 5.3 Short Blades
 + Level 5.3 Long Blades
 + Level 5.3 Axes
 + Level 5.3 Maces & Flails
 + Level 7.1 Polearms
 + Level 5.3 Staves
 + Level 5.3 Slings
 + Level 5.3 Bows
 + Level 5.3 Crossbows
 + Level 5.3 Throwing
 + Level 6.0 Armour
 + Level 7.1 Dodging
 + Level 5.3 Stealth
 + Level 5.3 Shields
 + Level 5.3 Unarmed Combat
 + Level 7.4 Spellcasting
 + Level 4.3 Conjurations
 + Level 4.3 Hexes
 + Level 7.1 Charms
 + Level 4.3 Summonings
 + Level 4.3 Necromancy
 + Level 4.3 Translocations
 + Level 4.3 Transmutations
 + Level 4.3 Fire Magic
 + Level 4.3 Ice Magic
 + Level 4.3 Air Magic
 + Level 4.3 Earth Magic
 + Level 4.3 Poison Magic
 + Level 5.8 Invocations
 + Level 5.3 Evocations


You had 15 spell levels left.
You knew the following spells:

 Your Spells              Type           Power        Failure   Level  Hunger
a - Infusion              Chrm           ####         1%          1    None
b - Song of Slaying       Chrm           #####...     1%          2    None
c - Shroud of Golubria    Chrm/Tloc      ####......   1%          2    None
d - Regeneration          Chrm/Necr      ####......   2%          3    None

Your spell library contained the following spells:

 Spells                   Type           Power        Failure   Level  Hunger
 Animate Skeleton         Necr           N/A          1%          1    None
 Apportation              Tloc           ####..       1%          1    None
 Confusing Touch          Hex            ####..       1%          1    None
 Summon Small Mammal      Summ           ####         1%          1    None
 Spectral Weapon          Hex/Chrm       ####....     2%          3    None


Dungeon Overview and Level Annotations

Branches:
Dungeon (9/15)             Temple (1/1) D:4
   Lair: D:8-11         Orc: D:9-12

Altars:
Ashenzari
Cheibriados
Dithmenos
Elyvilon
Fedhas
Gozag
Hepliaklqana
Kikubaaqudgha
Makhleb
Nemelex Xobeh
Okawaru
Qazlal
Ru
Sif Muna
Trog
Vehumet
Wu Jian
Xom
Yredelemnul
Zin
The Shining One

Annotations:
D:5 1 runed translucent door, Reelishan's ghost, novice DsCj


Innate Abilities, Weirdness & Mutations

Your experience applies equally to all skills.
((You have very sharp teeth.))
Your uncanny sense of smell can sniff out nearby items.


Message History

The killer bee stings you but does no damage. x2
You miss the killer bee.
The killer bee is heavily wounded.
You feel sick. The killer bee barely misses you.
You puncture the killer bee!
You kill the killer bee!
Cheibriados thoroughly appreciates the change of pace.
Cheibriados raises the support of your attributes as your movement slows.
Your Armour skill increases to level 6!
Your transformation is almost over.
You hit the orc but do no damage. The orc barely misses you.
You puncture the orc!
You kill the orc!
Cheibriados appreciates the change of pace.
You hit the orc.
The orc is heavily wounded.
You feel sick.
The orc priest invokes the aid of Beogh against you.
Beogh smites you!
You die...

∆ ∆ ######## ####
.......### .....
######...##########oo....
###........♣oooy....
############oY.... ####'


You could see a sky beast, a killer bee, an orc priest and 5 orcs.

Vanquished Creatures
  Joseph (D:8)
  2 hippogriffs
  Eustachio (D:5)
  Grum (D:8)
  A hungry ghost (D:7)
  A water moccasin (D:7)
  3 orc warriors
  A hornet zombie (D:6)
  3 sky beasts
  4 ice beasts
  A black bear (D:8)
  An eye of draining (D:8)
  A necrophage (D:6)
  3 ogres
  4 wolves (D:8)
  2 centaurs
  A big kobold (D:8)
  A bullfrog (D:6)
  2 elf zombies (Ossuary)
  A scorpion (D:7)
  5 killer bees (D:9)
  2 wights (D:6)
  3 crimson imps
  A jelly (D:5)
  A centaur zombie (Ossuary)
  4 orc priests (D:7)
  A hound (D:4)
  A human zombie (Ossuary)
  2 iguanas (D:4)
  8 orc wizards
  8 worker ants
  2 mummies (Ossuary)
  A worker ant zombie (D:5)
  4 gnolls (D:2)
  11 adders
  2 shadow imps
  4 adder zombies (Ossuary)
  An adder skeleton (D:6)
  3 worms
  5 dart slugs
  6 leopard geckos
  22 orcs
  2 ball pythons
  9 giant cockroaches
  14 goblins
  11 hobgoblins
  7 jackals
  11 kobolds
  2 quokkas
  9 bats
  12 frilled lizards
  5 hobgoblin zombies (Ossuary)
  A jackal skeleton (D:6)
  9 kobold zombies (Ossuary)
  A leopard gecko zombie (D:5)
  12 orc zombies (Ossuary)
  A quokka skeleton (D:8)
  10 rats
  3 rat zombies (Ossuary)
251 creatures vanquished.

Vanquished Creatures (others)
  5 dream sheep (D:7)
  A withered plant (D:5)
6 creatures vanquished.

Grand Total: 257 creatures vanquished

Notes
Turn   | Place    | Note
-------+----------+-------------------------------------------
     0 | D:1      | IBeShadow the Gnoll Skald began the quest for the Orb.
     0 | D:1      | Reached XP level 1. HP: 20/20 MP: 6/6
   128 | D:1      | Reached XP level 2. HP: 26/26 MP: 7/7
   341 | D:1      | Reached XP level 3. HP: 22/31 MP: 9/9
   373 | D:1      | Reached skill level 5 in Spellcasting
   751 | D:2      | Reached skill level 1 in Invocations
   759 | D:2      | Reached skill level 1 in Short Blades
   759 | D:2      | Reached skill level 1 in Long Blades
   759 | D:2      | Reached skill level 1 in Axes
   759 | D:2      | Reached skill level 1 in Maces & Flails
   759 | D:2      | Reached skill level 1 in Staves
   759 | D:2      | Reached skill level 1 in Slings
   759 | D:2      | Reached skill level 1 in Bows
   759 | D:2      | Reached skill level 1 in Crossbows
   759 | D:2      | Reached skill level 1 in Throwing
   759 | D:2      | Reached skill level 1 in Stealth
   759 | D:2      | Reached skill level 1 in Shields
   759 | D:2      | Reached skill level 1 in Unarmed Combat
   759 | D:2      | Reached skill level 1 in Evocations
   759 | D:2      | Reached XP level 4. HP: 26/38 MP: 11/11
  1115 | D:2      | Reached skill level 1 in Conjurations
  1115 | D:2      | Reached skill level 1 in Hexes
  1115 | D:2      | Reached skill level 1 in Summonings
  1115 | D:2      | Reached skill level 1 in Necromancy
  1115 | D:2      | Reached skill level 1 in Translocations
  1115 | D:2      | Reached skill level 1 in Transmutations
  1115 | D:2      | Reached skill level 1 in Fire Magic
  1115 | D:2      | Reached skill level 1 in Ice Magic
  1115 | D:2      | Reached skill level 1 in Air Magic
  1115 | D:2      | Reached skill level 1 in Earth Magic
  1115 | D:2      | Reached skill level 1 in Poison Magic
  1236 | D:2      | Reached XP level 5. HP: 43/43 MP: 12/12
  2373 | D:3      | Found a glowing golden altar of the Shining One.
  2425 | D:3      | Reached XP level 6. HP: 46/50 MP: 13/13
  2971 | D:4      | Found a sand-covered staircase.
  2987 | Ossuary  | Entered an ossuary
  3036 | Ossuary  | Reached skill level 5 in Fighting
  3036 | Ossuary  | Reached skill level 5 in Polearms
  3036 | Ossuary  | Reached skill level 5 in Dodging
  3474 | Ossuary  | Reached XP level 7. HP: 24/56 MP: 15/15
  4022 | D:4      | Found a staircase to the Ecumenical Temple.
  4049 | Temple   | Entered the Ecumenical Temple
  5280 | D:5      | Entered Level 5 of the Dungeon
  5494 | D:5      | Found a snail-covered altar of Cheibriados.
  5579 | D:5      | Noticed Eustachio
  5581 | D:5      | Became a worshipper of Cheibriados the Contemplative
  5657 | D:5      | Killed Eustachio
  5657 | D:5      | Reached XP level 8. HP: 17/63 MP: 3/16
  6115 | D:5      | Found a basalt altar of Yredelemnul.
  6180 | D:5      | Found a white marble altar of Elyvilon.
  6412 | D:5      | Found a deep blue altar of Sif Muna.
  6490 | D:5      | Found a runed translucent door.
  6490 | D:5      | Noticed Reelishan's ghost (novice DsCj)
  7619 | D:6      | Found a stormy altar of Qazlal.
  7670 | D:6      | Found a shadowy altar of Dithmenos.
  8007 | D:6      | Found a blossoming altar of Fedhas.
  8072 | D:6      | Reached XP level 9. HP: 68/68 MP: 18/18
  8147 | D:6      | Found a sparkling altar of Nemelex Xobeh.
  8148 | D:6      | Found an opulent altar of Gozag.
  8972 | D:7      | Reached * piety under Cheibriados
  9152 | D:7      | Reached skill level 5 in Armour
  9845 | D:7      | Reached skill level 5 in Invocations
 10002 | D:7      | Learned a level 2 spell: Song of Slaying
 10005 | D:7      | Learned a level 2 spell: Shroud of Golubria
 10009 | D:7      | Learned a level 3 spell: Regeneration
 10209 | D:7      | Found a shimmering altar of Xom.
 10435 | D:8      | Reached XP level 10. HP: 59/76 MP: 16/20
 10547 | D:8      | Noticed Grum
 10616 | D:8      | Reached ** piety under Cheibriados
 10617 | D:8      | HP: 5/114 [Grum/+1 spear (9)]
 10636 | D:8      | Killed Grum
 10655 | D:8      | Reached skill level 5 in Short Blades
 10655 | D:8      | Reached skill level 5 in Long Blades
 10655 | D:8      | Reached skill level 5 in Axes
 10655 | D:8      | Reached skill level 5 in Maces & Flails
 10655 | D:8      | Reached skill level 5 in Staves
 10655 | D:8      | Reached skill level 5 in Slings
 10655 | D:8      | Reached skill level 5 in Bows
 10655 | D:8      | Reached skill level 5 in Crossbows
 10655 | D:8      | Reached skill level 5 in Throwing
 10655 | D:8      | Reached skill level 5 in Stealth
 10655 | D:8      | Reached skill level 5 in Shields
 10655 | D:8      | Reached skill level 5 in Unarmed Combat
 10655 | D:8      | Reached skill level 5 in Evocations
 11331 | D:8      | Found the amulet of the Four Winds {rN+ MR+++ Clar}
 11485 | D:8      | Noticed Joseph
 11499 | D:8      | Killed Joseph
 11695 | D:8      | Found a bloodstained altar of Trog.
 11950 | D:9      | Killed from afar by an orc priest

Skill      XL: |  1  2  3  4  5  6  7  8  9 10 |
---------------+-------------------------------+-----
Spellcasting   | 5 6 7 |  7.4
Invocations    | 1 2 3 4 5 |  5.8
Short Blades   | 1 2 3 4 5 |  5.3
Long Blades    | 1 2 3 4 5 |  5.3
Axes           | 1 2 3 4 5 |  5.3
Maces & Flails | 1 2 3 4 5 |  5.3
Staves         | 1 2 3 4 5 |  5.3
Slings         | 1 2 3 4 5 |  5.3
Bows           | 1 2 3 4 5 |  5.3
Crossbows      | 1 2 3 4 5 |  5.3
Throwing       | 1 2 3 4 5 |  5.3
Stealth        | 1 2 3 4 5 |  5.3
Shields        | 1 2 3 4 5 |  5.3
Unarmed Combat | 1 2 3 4 5 |  5.3
Evocations     | 1 2 3 4 5 |  5.3
Conjurations   | 1 2 3 4 |  4.3
Hexes          | 1 2 3 4 |  4.3
Summonings     | 1 2 3 4 |  4.3
Necromancy     | 1 2 3 4 |  4.3
Translocations | 1 2 3 4 |  4.3
Transmutations | 1 2 3 4 |  4.3
Fire Magic     | 1 2 3 4 |  4.3
Ice Magic      | 1 2 3 4 |  4.3
Air Magic      | 1 2 3 4 |  4.3
Earth Magic    | 1 2 3 4 |  4.3
Poison Magic   | 1 2 3 4 |  4.3
Armour         | 3 4 5 6 |  6.0
Fighting       | 5 6 7 |  7.1
Polearms       | 5 6 7 |  7.1
Dodging        | 5 6 7 |  7.1
Charms         | 6 7 |  7.1

Action                   |  1- 3 |  4- 6 |  7- 9 | 10-12 || total
-------------------------+-------+-------+-------+-------++-------
Melee: Spear             |   148 |   518 |   724 |       ||  1390
       Bite              |    15 |    61 |   102 |    19 ||   197
       Punch             |       |     4 |    10 |     3 ||    17
       Trident           |       |       |   302 |   236 ||   538
Invok: Bend Time         |       |       |     4 |     1 ||     5
Evoke: Wand              |       |       |    10 |       ||    10
  Use: Potion            |       |     1 |     2 |     5 ||     8
       Scroll            |       |       |     5 |       ||     5
 Stab: Distracted        |     2 |       |       |       ||     2
       Fleeing           |       |       |     1 |       ||     1
  Eat: Chunk             |       |     7 |    16 |     3 ||    26
       Ration            |       |     1 |     2 |       ||     3
Armor: Ring mail         |    34 |     5 |       |       ||    39
       Leather armour    |     1 |       |       |       ||     1
       Plate armour      |       |   274 |   657 |    88 ||  1019
       Skin              |       |       |       |   115 ||   115
Dodge: Dodged            |    57 |   123 |   315 |   122 ||   617
